Map: Orbital Shipyard

Players

capac

  • Race: Terran Terran
  • League: Gold

Huhmmer - Winner!

  • Race: Zerg Zerg

VOD

Have the link to the VOD?

Description

Time

  • Played on: Feb. 17, 2016, 10:10 a.m.
  • Length: 18:38
Show
View Real Time Build Order
Export as new Build Order

capac Terran 

Build Orders: MMM Bio 

Get SALT Encoding   

  12  0:01  SCV  
  13  0:13  SCV  
  14  0:18  Supply Depot  
  14  0:25  SCV  
  15  0:40  SCV  
  15  0:41  Barracks  
  16  0:49  Refinery  
  16  0:52  SCV  
  17  1:06  SCV  
  18  1:20  SCV  
  19  1:29  Marine  
  19  1:30  Supply Depot  
  20  1:35  Orbital Command  
  20  1:46  Marine  
  21  1:55  Command Center  
  21  2:04  Factory  
  21  2:06  Barracks Tech Lab  
  21  2:15  SCV  
  21  2:22  Refinery  
  22  2:28  Marine, SCV  
  24  2:42  Stimpack  
  24  2:44  SCV  
  25  2:47  Marine  
  26  2:56  Supply Depot  
  26  2:58  SCV  
  27  3:09  Orbital Command  
  27  3:10  Marine  
  28  3:20  Starport  
  28  3:25  SCV  
  29  3:28  Marine  
  30  3:35  Barracks  
  30  3:43  SCV x2  
  30  3:46  Marine  
  33  3:55  SCV x2  
  35  3:56  Widow Mine  
  35  4:02  Medivac  
  39  4:04  Marine  
  40  4:17  SCV  
  40  4:20  SCV  
  40  4:23  Marine  
  43  4:24  Marine  
  43  4:29  SCV  
  43  4:30  Liberator  
  45  4:32  SCV  
  46  4:42  Marine x2  
  46  4:44  SCV  
  46  4:45  SCV  
  50  4:51  Supply Depot  
  53  4:55  Refinery  
  53  4:56  SCV  
  53  4:57  Refinery  
  54  5:07  Barracks, SCV  
  54  5:08  Barracks, Marine x2, SCV  
  54  5:10  Barracks, Combat Shields  
  58  5:22  Liberator  
  52  5:38  Marine  
  56  5:43  SCV x2  
  56  5:44  Supply Depot, Command Center  
  56  5:46  Marine  
  56  5:48  Widow Mine  
  61  5:55  SCV x2  
  61  5:56  Marine  
  64  6:05  Barracks Reactor  
  64  6:06  Barracks Reactor  
  64  6:07  SCV x2, Barracks Reactor  
  66  6:16  Supply Depot  
  66  6:19  Supply Depot  
  66  6:33  Marine x2  
  66  6:36  SCV x2  
  70  6:44  Marine x6  
  76  6:49  Starport Reactor  
  76  6:51  Marine  
  76  6:52  Supply Depot  
  77  6:56  Supply Depot  
  77  7:02  Engineering Bay  
  77  7:03  SCV x2  
  79  7:18  SCV x2  
  79  7:19  Orbital Command  
  81  7:25  Marine x5  
  81  7:26  Engineering Bay, Marine  
  81  7:29  Barracks Reactor  
  87  7:33  Supply Depot  
  87  7:37  Medivac x2  
  89  7:40  SCV x2  
  89  7:43  Marine x6  
  89  7:44  Marine  
  99  7:47  Factory Tech Lab  
  100  7:51  Terran Infantry Weapons Level 1  
  100  7:52  SCV x2  
  100  7:56  Starport  
  100  7:58  Terran Infantry Armor Level 1  
  102  8:05  SCV x2  
  104  8:09  Marine x5  
  104  8:11  Marine  
  104  8:12  Marine  
  111  8:13  Marine  
  111  8:15  Marine  
  111  8:17  SCV  
  111  8:18  Medivac  
  111  8:19  Medivac  
  118  8:26  Refinery  
  118  8:28  Refinery, SCV  
  118  8:29  SCV  
  118  8:31  SCV  
  118  8:32  Marine x2  
  118  8:33  Marine x5  
  128  8:36  Starport Reactor  
  128  8:41  Supply Depot  
  128  8:44  Supply Depot  
  128  8:45  Marine x2  
  130  8:50  Marine x2, Medivac x2  
  136  8:58  Liberator  
  136  8:59  Liberator  
  136  9:06  Marine x4  
  136  9:07  Marine x3  
  143  9:11  Siege Tank  
  152  9:19  Supply Depot x2  
  152  9:24  Armory  
  152  9:25  Marine x5  
  157  9:41  Marine x4, SCV x3  
  157  9:43  Siege Tank  
  157  9:44  Supply Depot  
  157  9:45  Supply Depot  
  167  9:53  SCV  
  126  10:22  Liberator x2  
  126  10:23  Liberator x2  
  126  10:28  Marine  
  126  10:29  Marine x7  
  122  10:38  SCV x3  
  129  10:50  Marine x3, SCV  
  129  10:51  Marine x6  
  139  11:08  Marine  
  139  11:09  Marine x4  
  139  11:10  Marine x4  
  148  11:15  Terran Infantry Weapons Level 2  
  148  11:16  Terran Infantry Armor Level 2  
  148  11:24  SCV x3  
  151  11:26  Liberator x2  
  151  11:27  Liberator x2  
  151  11:36  SCV  
  152  11:45  Siege Tank  
  152  11:47  Marine x7  
  167  11:48  Marine x2  
  176  12:18  Siege Tank  
  179  12:25  Liberator x4  
  143  12:33  Marine x5  
  143  12:34  Marine x3  
  148  12:43  Marine  
  155  12:51  Marine x6  
  156  12:57  Marine x2  
  163  13:01  Marine  
  163  13:04  Command Center  
  164  13:07  Liberator  
  164  13:08  Marine, Liberator  
  164  13:09  Marine x3, SCV x3  
  164  13:11  Marine x2  
  173  13:15  Marine x2  
  173  13:19  Marine  
  176  13:21  SCV  
  176  13:25  Medivac x2  
  187  13:38  Liberator  
  187  13:39  Marine x2  
  189  13:45  Marine x6  
  195  13:53  Marine  
  199  13:57  Marine  
  200  14:08  Command Center  
  174  15:16  Marine x7  
  174  15:17  Marine x2  
  183  15:33  Marine  
  78  16:36  Marine x2  
  78  16:37  Marine x6  
  78  16:38  Marine  
  87  16:54  Marine x3  
  87  16:57  Liberator x4  
Show
View Real Time Build Order
Export as new Build Order

Huhmmer Zerg - Winner!

Build Orders: Hatch First, Muta Ling Bane 

Get SALT Encoding   

  12  0:02  Drone  
  13  0:10  Drone  
  14  0:18  Overlord  
  14  0:37  Drone x3  
  17  0:57  Hatchery  
  17  1:00  Drone  
  17  1:06  Extractor  
  16  1:17  Spawning Pool  
  15  1:21  Drone x2  
  17  1:27  Drone  
  18  1:34  Drone  
  19  1:45  Overlord  
  19  2:04  Queen, Zergling x2  
  19  2:05  Zergling x2  
  23  2:09  Queen  
  23  2:11  Zergling x2  
  26  2:22  Metabolic Boost  
  26  2:26  Drone x2  
  28  2:34  Drone  
  28  2:35  Drone  
  30  2:41  Overlord  
  30  2:46  Drone  
  30  2:50  Queen  
  33  2:55  Drone x2  
  35  3:01  Drone  
  36  3:22  Overlord  
  36  3:23  Drone x6  
  36  3:24  Drone x2  
  44  3:29  Extractor  
  44  3:30  Baneling Nest  
  42  3:35  Queen  
  42  3:41  Lair  
  44  3:53  Overlord x2  
  44  3:59  Spore Crawler  
  44  4:01  Spore Crawler  
  42  4:05  Roach Warren  
  42  4:07  Drone x3, Spore Crawler  
  43  4:11  Extractor  
  42  4:23  Zergling x12  
  48  4:41  Overseer  
  48  4:45  Drone x2  
  50  4:46  Hatchery, Drone x2  
  51  4:56  Drone x3  
  51  4:57  Drone x2  
  56  5:05  Overlord  
  56  5:13  Extractor  
  55  5:20  Evolution Chamber, Drone x2  
  55  5:21  Evolution Chamber, Drone x3  
  59  5:24  Zergling x2  
  59  5:25  Zergling x2  
  56  5:42  Spore Crawler  
  55  5:55  Drone x2  
  57  5:58  Drone x3  
  57  6:00  Zerg Melee Weapons Level 1  
  57  6:01  Zerg Ground Armor Level 1  
  60  6:04  Queen  
  60  6:05  Drone  
  60  6:06  Spire  
  62  6:12  Baneling x2  
  62  6:13  Baneling x3  
  62  6:20  Spore Crawler  
  62  6:23  Drone x2  
  62  6:24  Spore Crawler  
  62  6:27  Overlord x2  
  62  6:29  Centrifical Hooks  
  62  6:32  Drone  
  62  6:35  Drone x3  
  65  6:48  Drone  
  66  6:55  Zergling x2  
  66  6:56  Zergling x12  
  73  7:01  Hatchery  
  72  7:13  Zergling x4  
  72  7:14  Zergling x12  
  80  7:19  Overlord x3  
  80  7:24  Extractor  
  80  7:27  Extractor, Drone, Spore Crawler  
  80  7:28  Drone x2  
  80  7:40  Baneling x4  
  80  7:41  Baneling x2, Overseer  
  80  7:43  Pneumatized Carapace  
  80  7:57  Zerg Melee Weapons Level 2, Zerg Ground Armor Level 2  
  80  7:59  Overlord  
  80  8:01  Zerg Flyer Weapons Level 1  
  80  8:02  Drone x5  
  80  8:03  Drone  
  86  8:08  Drone x2  
  86  8:09  Drone x4  
  92  8:24  Infestation Pit  
  91  8:41  Overlord x2  
  91  8:42  Overlord  
  91  8:47  Drone x3  
  91  8:48  Drone x2  
  96  9:12  Hatchery  
  95  9:25  Mutalisk x4  
  95  9:26  Mutalisk x4  
  95  9:27  Mutalisk x6  
  95  9:28  Mutalisk x4  
  131  9:35  Hive  
  131  9:46  Baneling x3  
  131  9:47  Zergling x2, Baneling  
  131  9:48  Zergling x20  
  133  10:03  Extractor  
  133  10:04  Extractor  
  126  10:07  Zergling x12  
  126  10:08  Zergling x16  
  138  10:19  Baneling x3  
  138  10:20  Baneling x6  
  137  10:25  Queen  
  137  10:26  Drone  
  137  10:27  Zergling x2  
  137  10:28  Zergling x12  
  141  10:49  Zerg Melee Weapons Level 3  
  141  10:50  Zerg Ground Armor Level 3  
  141  10:56  Zerg Flyer Armor Level 1  
  141  10:57  Ultralisk Cavern  
  141  11:01  Drone x7  
  141  11:02  Overlord x2, Drone x2  
  149  11:11  Baneling  
  147  11:16  Adrenal Glands  
  147  11:17  Overlord x2  
  147  11:28  Drone x2  
  147  11:29  Drone x2  
  151  11:42  Mutalisk x3  
  151  11:43  Mutalisk x4  
  151  11:46  Drone x2  
  159  12:04  Zergling x2  
  159  12:05  Zergling x12  
  159  12:06  Zergling x2  
  159  12:07  Zergling x10, Overlord  
  159  12:08  Overlord, Spore Crawler  
  154  12:36  Zergling x2, Overlord x2  
  154  12:37  Zergling x10  
  160  12:42  Mutalisk x5  
  160  12:43  Mutalisk x4  
  178  12:44  Mutalisk x2  
  182  13:00  Hatchery  
  182  13:02  Chitinous Plating  
  181  13:07  Baneling x6  
  181  13:08  Baneling x2  
  181  13:16  Overseer x2  
  181  13:23  Overlord  
  181  14:10  Overseer  
  181  14:28  Ultralisk x3  
  199  14:35  Extractor  
  199  14:37  Extractor  
  189  14:47  Drone x3  
  189  14:51  Baneling x3  
  192  15:06  Zerg Missile Weapons Level 1  
  147  15:52  Zergling x2  
  147  15:53  Zergling x38  
  149  16:06  Ultralisk x5  
  149  16:07  Ultralisk x3  
  149  16:08  Zergling x6  
  192  16:27  Baneling x2  
  192  16:28  Baneling x7  
  192  16:29  Baneling x6  
  192  16:30  Baneling  
  192  16:51  Hatchery  
  185  17:28  Hydralisk Den  
  163  17:48  Overlord  
  163  17:49  Overlord x6  
  163  17:50  Overlord x3  
  163  17:51  Overlord  
  161  18:02  Extractor  
  161  18:04  Extractor  
Tags
 
Add a new tag
Caveats
  • Supply blocks, unpowered buildings, or Contaminate may cause inaccurate times.
  • Supply counts are checked every 10 seconds.